 Dungeon Crawl Stone Soup version 0.30.0-16-gbe6223bb7e (webtiles) character file.

Game seed: 11440432134134007026

96 SnakkuSnakku7 the Trooper (level 4, -1/42 HPs)
             Began as an Armataur Artificer on May 21, 2023.
             Slain by a hobgoblin (3 damage)
             ... on level 2 of the Dungeon.
             The game lasted 00:01:46 (1125 turns).

SnakkuSnakku7 the Trooper (Armataur Artificer)      Turns: 1125, Time: 00:01:46

Health: -1/42      AC:  6    Str: 19    XL:     4   Next: 41%
Magic:  4/4        EV:  8    Int: 12    God:
Gold:   101        SH:  0    Dex: 10    Spells: 3/3 levels left

rFire   . . .        r - +0 hand axe
rCold   . . .        (no shield)
rNeg    . . .        n - +0 ring mail
rPois   .            (no helmet)
rElec   .            (no cloak)
rCorr   .            (no gloves)
SInv    .            (no barding)
Will    .....        (no amulet)
Stlth   +            (no ring)
HPRegen 0.27/turn    (no ring)
MPRegen 0.09/turn

%: roll
@: no status effects
A: large, rugged brown scales 3, deformed body, armoured tail, roll, long
tongue, awkward tongue
a: no special abilities


You were on level 2 of the Dungeon.
You visited 1 branch of the dungeon, and saw 2 of its levels.

You collected 101 gold pieces.

Inventory:

Hand Weapons
 a - a +0 club
 r - a +0 hand axe (weapon)
Armour
 b - a +0 leather armour
 n - a +0 ring mail (worn)
Jewellery
 h - a +6 ring of strength
Wands
 c - a wand of flame (13) (quivered)
 d - a wand of charming (13)
 e - a wand of iceblast (4)
Scrolls
 f - a scroll of magic mapping {unknown}
 g - 4 scrolls of identify {unknown}
 i - a scroll of noise {unknown}
 l - a scroll of enchant armour {unknown}
 m - 2 scrolls of teleportation {unknown}
 q - a scroll of brand weapon {unknown}
Potions
 j - a potion of haste {unknown}
 k - a potion of degeneration {unknown}
 o - a potion of might {unknown}
 p - a potion of brilliance {unknown}


   Skills:
 + Level 3.6 Fighting
 + Level 1.0 Axes
 - Level 2.4 Armour
 - Level 0.6 Dodging
 - Level 1.1 Stealth
 - Level 3.0 Evocations


You had 3 spell levels left.
You didn't know any spells.
Your spell library was empty.

Dungeon Overview and Level Annotations

Branches:
Dungeon (2/15)

Altars:


Innate Abilities, Weirdness & Mutations

You are completely covered in rugged brown scales. (AC +3, +7% HP)
Armour fits poorly on your strangely shaped body.
You have a long armoured tail.
You roll when moving toward enemies. (Rampage)
Your long tongue fully drains potion bottles. (2x potion effects)
Your tongue gives you trouble enunciating. (1.5x scroll delay)


Message History

Aim: a gnoll, wielding a +0 whip and quivering stones (severely wounded, 75% to hit)
The puff of flame hits the gnoll!
You kill the gnoll!
Your Axes skill increases to level 1!
Items here: ( )) ††.
Things that are here:
a +0 halberd; an adder corpse You now have 101 gold pieces (gained 15).
You see here a +0 whip.
Found 5 stones.
Found a stone staircase leading down.
Found a stone staircase leading down.
A hobgoblin comes into view.
The hobgoblin shouts!
A hobgoblin is nearby!
A hobgoblin is nearby!
A hobgoblin is nearby!
The hobgoblin hits you.
* * * LOW HITPOINT WARNING * * *
The hobgoblin hits you.
* * * LOW HITPOINT WARNING * * *
You hit the hobgoblin but do no damage. The hobgoblin hits you.
* * * LOW HITPOINT WARNING * * *
You hit the hobgoblin but do no damage. The hobgoblin hits you.
* * * LOW HITPOINT WARNING * * *
The hobgoblin hits you but does no damage.
You hit the hobgoblin.
The hobgoblin is moderately wounded.
The hobgoblin misses you.
You hit the hobgoblin but do no damage.
The hobgoblin is moderately wounded.
The hobgoblin hits you.
* * * LOW HITPOINT WARNING * * *
You hit the hobgoblin but do no damage.
The hobgoblin is moderately wounded.
The hobgoblin completely misses you.
You barely miss the hobgoblin.
The hobgoblin is moderately wounded.
The hobgoblin hits you.
You die...

#####################
.......(.#..........#
.........#..........#
.........#.>....@...#
................g...#
........>#..........#
#.##.#.#######.######
...........###.######
###....###..##......#
##..##.# ##.........#
#..###.# #.........#
#.# #.# #.#.......#


You could see a hobgoblin.

Vanquished Creatures
  4 adders (D:2)
  2 gnolls (D:2)
  2 ball pythons (D:2)
  3 endoplasms
  2 giant cockroaches (D:1)
  3 goblins
  3 hobgoblins
  6 bats
  A frilled lizard (D:1)
  A kobold (D:1)
  4 rats (D:1)
31 creatures vanquished.

Vanquished Creatures (collateral kills)
  A gnoll (D:2)
  A hobgoblin (D:2)
2 creatures vanquished.

Vanquished Creatures (others)
  A gnoll (D:2)
1 creature vanquished.

Grand Total: 34 creatures vanquished

Notes
Turn   | Place    | Note
-------+----------+-------------------------------------------
     0 | D:1      | SnakkuSnakku7 the Armataur Artificer began the quest for
                  | the Orb.
     0 | D:1      | Reached XP level 1. HP: 16/16 MP: 1/1
    49 | D:1      | Reached skill level 1 in Fighting
   495 | D:1      | Reached XP level 2. HP: 24/25 MP: 2/2
   881 | D:2      | Reached XP level 3. HP: 15/32 MP: 3/3
  1070 | D:2      | Reached XP level 4. HP: 25/40 MP: 4/4
  1088 | D:2      | Reached skill level 1 in Axes
  1123 | D:2      | HP: 1/42 [hobgoblin (2)]
  1125 | D:2      | Slain by a hobgoblin

Illustrated notes

Levels and vault maps discovered:
D:1:      lemuel_arrival_rhombus, layout_loops_corners
D:2:      layout_rooms, ebering_ecumenical_altar_hall, kennysheep_minor_cross

Skill      XL: |  1  2  3  4 |
---------------+-------------+-----
Fighting       | 1 2 3 |  3.6
Axes           | 1 |  1.0
Armour         | |  2.4
Dodging        | |  0.6
Stealth        | |  1.1
Evocations     | |  3.0

Action                     |  1- 3 |  4- 6 || total
---------------------------+-------+-------++-------
  Melee: Club              |   105 |       ||   105
         Tailslap          |    11 |     1 ||    12
         Hand axe          |     5 |    12 ||    17
         Punch             |     2 |       ||     2
  Evoke: Wand              |     3 |     2 ||     5
 Armour: Leather armour    |    40 |       ||    40
         Ring mail         |    47 |     5 ||    52
  Dodge: Dodged            |    56 |     4 ||    60
